 Dungeon Crawl Stone Soup version 0.28.0-43-g3370ac3207 (webtiles) character file.

Game seed: 4910140687092325027

52 croobank the Firebug (level 3, -1/26 HPs)
             Began as a Draconian Fire Elementalist on Mar 29, 2022.
             Slain by an endoplasm (3 damage)
             ... on level 2 of the Dungeon.
             The game lasted 00:03:27 (1812 turns).

croobank the Firebug (Draconian Fire Elementalist)  Turns: 1812, Time: 00:03:27

Health: -1/26      AC:  5    Str: 10    XL:     3   Next: 60%
Magic:  4/6        EV: 12    Int: 17    God:
Gold:   46         SH:  0    Dex: 11    Spells: 4/7 levels left

rFire   . . .      SeeInvis .   (no weapon)
rCold   . . .      Faith    .   (no shield)
rNeg    . . .      Spirit   .   (armour unavailable)
rPois   .          Reflect  .   (helmet restricted)
rElec   .          Harm     .   (no cloak)
rCorr   .          Rampage  .   (no gloves)
Will    .....                   (no boots)
Stlth   ++........              (no amulet)
HPRegen 0.08/turn               (no ring)
MPRegen 0.10/turn               (no ring)

@: flying, slowed, very slow
A: AC +5, unfitting armour, cold-blooded
a: no special abilities


You were on level 2 of the Dungeon.
You visited 1 branch of the dungeon, and saw 2 of its levels.

You collected 46 gold pieces.

Inventory:

Missiles
 d - 11 sling bullets
 f - 5 datura-tipped darts
 i - 17 arrows
Jewellery
 h - a ring of wizardry
Scrolls
 a - 2 scrolls of immolation {unknown}
 b - a scroll of magic mapping {unknown}
 c - a scroll of brand weapon {unknown}
 g - a scroll of summoning {unknown}


   Skills:
 - Level 2.0 Dodging
 - Level 2.0 Stealth
 + Level 2.5 Spellcasting
 + Level 2.0 Conjurations
 + Level 3.5 Fire Magic


You had 4 spell levels left.
You knew the following spells:

 Your Spells              Type           Power      Damage    Failure   Level
a - Foxfire               Conj/Fire      44%        2x1d6     6%          1
b - Scorch                Fire           28%        2d6       7%          2

Your spell library contained the following spells:

 Spells                   Type           Power      Damage    Failure   Level
 Conjure Flame            Conj/Fire      11%        6-21      17%         3
 Inner Flame              Hex/Fire       8%         N/A       26%         3
 Flame Wave               Conj/Fire      11%        2d5       50%         4


Dungeon Overview and Level Annotations

Branches:
Dungeon (2/15)

Altars:

Shops:
D:1 ?


Innate Abilities, Weirdness & Mutations

Your plain brown scales are hard. (AC +5)
You cannot fit into any form of body armour.
You are cold-blooded and may be slowed by cold attacks.


Message History

You are frozen.
You feel yourself slow down. The bat closely misses you. The bat hits you.
The bat hits you.
There is an open door here.
The bat barely misses you.
Your magical contamination has completely faded away.
You feel yourself speed up. The bat hits you but does no damage.
You closely miss the bat.
The bat is severely wounded.
The bat misses you.
You closely miss the bat.
The bat is severely wounded.
The bat hits you. The bat hits you but does no damage.
The endoplasm misses you.
You hit the bat.
You kill the bat!
The endoplasm freezes you.
You are frozen.
You feel yourself slow down.
You hit the endoplasm but do no damage.
You tail-slap the endoplasm, but do no damage.
The endoplasm freezes you.
You are frozen.
You feel as though you will be slow longer.
You hit the endoplasm.
You punch the endoplasm, but do no damage.
The endoplasm is heavily wounded.
The endoplasm freezes you.
You are frozen.
* * * LOW HITPOINT WARNING * * *
The endoplasm hits you.
* * * LOW HITPOINT WARNING * * *
It was a potion of flight.
You feel very buoyant.
You fly up into the air.
The endoplasm freezes you.
You are frozen.
* * * LOW HITPOINT WARNING * * *
The endoplasm hits you.
You die...

#........##≈...........§#
#......####≈§....#...§≈§#
#......####≈≈§......§§§§#
#........##§≈≈≈.....§§§≈#
#........##§§≈≈≈≈K≈§§§§≈#
#....#....#######'#######
#.....#...##....#S#
#......#...###..J.#
#....#.†....##..@##
#.......###.##...#
#.......# #......#####.#
#.#.....# #..........<.#
###.....# #..........#..#
# ##....# #..........# #
#..#.. #>.........# #
###### #####.#.#### ##
#....#


You could see an adder, an endoplasm and a kobold.

Vanquished Creatures
  2 adders (D:2)
  3 bats
  5 endoplasms
  A giant cockroach (D:1)
  5 goblins
  5 hobgoblins
  3 ball pythons (D:1)
  3 frilled lizards
  2 kobolds (D:1)
29 creatures vanquished.

Vanquished Creatures (others)
  54 foxfires
54 creatures vanquished.

Grand Total: 83 creatures vanquished

Notes
Turn   | Place    | Note
-------+----------+-------------------------------------------
     0 | D:1      | croobank the Draconian Fire Elementalist began the quest
                  | for the Orb.
     0 | D:1      | Reached XP level 1. HP: 14/14 MP: 3/3
   275 | D:1      | Found Nuquyqu's Magic Scroll Emporium.
   370 | D:1      | Reached XP level 2. HP: 19/20 MP: 0/5
   378 | D:1      | Learned a level 2 spell: Scorch
  1356 | D:2      | Reached XP level 3. HP: 26/26 MP: 0/6
  1812 | D:2      | Slain by an endoplasm

Illustrated notes

Levels and vault maps discovered:
D:1:      enne_arrival_octagon_isle, layout_loops_ring, serial_shops, shop,
          patterned_corridor
D:2:      layout_rooms, chequers_avenue, kennysheep_generic_room_2,
          uniq_crazy_yiuf_cottage

Skill      XL: |  1  2  3 |
---------------+----------+-----
Stealth        | 2 |  2.0
Dodging        | 2 |  2.0
Conjurations   | 2 |  2.0
Spellcasting   | |  2.5
Fire Magic     | |  3.5

Action                   || total
-------------------------++-------
Melee: Unarmed           ||    26
       Tailslap          ||     4
       Punch             ||     1
 Cast: Foxfire           ||    31
       Scorch            ||    11
  Use: Potion            ||     1
Armor: Skin              ||    14
Dodge: Dodged            ||    26
